 Dungeon Crawl Stone Soup version 0.30.0-10-gfe55d96785 (webtiles) character file.

Game seed: 18018881294553732227

234 olmar the Cudgeller (level 6, -2/57 HPs)
             Began as a Naga Monk on May 15, 2023.
             Killed by divine providence
             ... invoked by an orc priest
              (13 damage)
             ... on level 4 of the Dungeon.
             The game lasted 00:03:53 (2725 turns).

olmar the Cudgeller (Naga Monk)                     Turns: 2725, Time: 00:03:54

Health: -2/57      AC:  6    Str: 15    XL:     6   Next: 5%
Magic:  6/6        EV:  9    Int: 17    God:
Gold:   70         SH:  0    Dex: 13    Spells: 5/5 levels left

rFire   . . .        a - +0 mace
rCold   x . .        d - orb {light}
rNeg    . . .        w - +1 ring mail of Fallacy {Harm Rampage Fly rC-}
rPois   +            (no helmet)
rElec   .            g - +0 cloak
rCorr   .            (no gloves)
SInv    +            (no barding)
Will    +....        q - amulet of the acrobat
Stlth   +            f - ring of willpower
HPRegen 0.29/turn    p - +6 ring of intelligence
MPRegen 0.10/turn

%: harm (+30% outgoing, +20% incoming), acrobat, rampage
@: short of breath, flying, glowing, very slow
A: AC +2, large, see invisible, deformed body, poison resistance, slowness 2,
spit poison 1, naga tail 1
a: Spit Poison


You were on level 4 of the Dungeon.
You visited 1 branch of the dungeon, and saw 4 of its levels.

You collected 148 gold pieces.
You spent 78 gold pieces at shops.

Inventory:

Hand Weapons
 a - a +0 mace (weapon)
 r - a +0 spectral club
Missiles
 h - 6 silver javelins
 l - 5 boomerangs
Armour
 b - a +0 robe
 d - an orb of light (worn)
 g - a +0 cloak (worn)
 w - the +1 ring mail of Fallacy (worn) {Harm Rampage Fly rC-}
   (You found it on level 3 of the Dungeon)

   rC:        It makes you vulnerable to cold.
   Fly:       It grants you flight.
   Harm:      It increases damage dealt and taken.
   Rampage:   It bestows one free step when moving towards enemies.
Jewellery
 f - a ring of willpower (left hand)
 p - a +6 ring of intelligence (right hand)
 q - an amulet of the acrobat (around neck)
Scrolls
 e - 3 scrolls of immolation
 j - a scroll of noise
 m - 4 scrolls of teleportation
 n - 2 scrolls of blinking {unknown}
 t - 4 scrolls of enchant weapon {unknown}
 v - a scroll of fear {unknown}
 y - a scroll of fog {unknown}
 z - a scroll of magic mapping {unknown}
Potions
 i - a potion of mutation
 k - a potion of haste
 o - 2 potions of attraction
 s - 4 potions of curing
 u - a potion of cancellation {unknown}
 x - a potion of degeneration {unknown}


   Skills:
 + Level 3.8 Fighting
 + Level 4.9 Maces & Flails
 + Level 0.4 Armour
 + Level 3.5 Dodging
 + Level 1.3 Stealth


You had 5 spell levels left.
You didn't know any spells.
Your spell library was empty.

Dungeon Overview and Level Annotations

Branches:
Dungeon (4/15)
 Temple: D:4-7

Altars:

Shops:
D:1 [   D:2 !(?(:

Annotations:
D:2 1 runed translucent door, Crazy Yiuf


Innate Abilities, Weirdness & Mutations

Your serpentine skin is tough. (AC +2)
You have supernaturally acute eyesight. (SInv)
Armour fits poorly on your strangely shaped body.
Your system is resistant to poisons. (rPois)
You cover ground very slowly.
You can spit poison.
You have a snake-like lower body.


Message History

The black bear attacks as you move away!
The black bear bites you. The black bear claws you. x2
* * * LOW HITPOINT WARNING * * *
The orc closely misses you.
The orc priest mumbles some strange prayers to Beogh against you.
Beogh smites you!
* * * LOW HITPOINT WARNING * * *
There is a stone staircase leading down here.
The black bear attacks as you move away!
The black bear barely misses you. The black bear closely misses you.
The black bear barely misses you. The black bear bites you.
* * * LOW HITPOINT WARNING * * *
The black bear closely misses you.
The black bear claws you but does no damage.
Unknown command.
Unknown command.
You feel less invigorated.
You feel less confused. The orc misses you.
Unknown command.
Unknown command.
Aiming: Spit Poison (1% risk of failure)
Press: ? - help, Shift-Dir - straight line, f - orc priest
Aim: an orc priest, wielding a +0 mace and wearing a +0 ring mail (haloed, 79% to hit)
The splash of poison hits the orc priest.
The orc priest is poisoned.
The orc priest is heavily wounded.
The orc completely misses you. The orc priest hits you with a +0 mace.
* * * LOW HITPOINT WARNING * * *
Unknown command.
The orc hits you with a +0 dagger.
* * * LOW HITPOINT WARNING * * *
The orc priest mumbles some strange prayers to Beogh against you.
Beogh smites you!
* * * LOW HITPOINT WARNING * * *
Unknown command.
You feel better. The orc closely misses you.
The orc priest invokes the aid of Beogh against you.
Beogh smites you!
You die...

#.. #.#....#.#
#.## #......#.#
#... #.....<#.#
#....#.##.###.#
#...#........#
#........#####
#...#...## #..
#.#.#
######)#@#
#......oo#
#........h#
#.......)>#
#.........#
..#####..)# #
#...# #...#
....#


You could see a black bear, an orc priest (poisoned) and an orc.

Vanquished Creatures
  2 orc priests
  Jessica (D:2)
  2 orc wizards
  2 adders (D:2)
  A worm (D:4)
  A dart slug (D:1)
  10 orcs
  3 bats
  2 endoplasms
  A giant cockroach (D:3)
  3 goblins
  2 hobgoblins
  8 jackals
  5 kobolds
  A quokka (D:2)
  5 ball pythons (D:1)
  2 frilled lizards (D:1)
  23 rats
74 creatures vanquished.

Notes
Turn   | Place    | Note
-------+----------+-------------------------------------------
     0 | D:1      | olmar the Naga Monk began the quest for the Orb.
     0 | D:1      | Reached XP level 1. HP: 21/21 MP: 1/1
    96 | D:1      | Found a faded altar of an unknown god.
   294 | D:1      | Reached XP level 2. HP: 27/28 MP: 2/2
   522 | D:1      | Found Fegyrph's Antique Armour Boutique.
   740 | D:1      | Reached XP level 3. HP: 22/34 MP: 3/3
   909 | D:2      | Found Uxtueraof's Antique Weapon Boutique.
   956 | D:2      | Found Macogoh's Antique Weapon Shop.
   958 | D:2      | Found Toridu's Book Shop.
  1115 | D:2      | Noticed Jessica
  1120 | D:2      | Killed Jessica
  1121 | D:2      | Reached XP level 4. HP: 42/42 MP: 4/4
  1230 | D:2      | Found Liyhot's Distillery.
  1240 | D:2      | Bought 2 potions of curing for 78 gold pieces
  1252 | D:2      | Reached skill level 4 in Maces & Flails
  1265 | D:2      | Reached skill level 1 in Stealth
  1535 | D:2      | Found a runed translucent door.
  1536 | D:2      | Noticed Crazy Yiuf
  1570 | D:2      | Found Rolig's Magic Scroll Emporium.
  2090 | D:3      | Identified the +1 ring mail of Fallacy {Harm Rampage Fly
                  | rC-}
  2135 | D:3      | Reached XP level 5. HP: 49/49 MP: 5/5
  2711 | D:4      | Noticed a black bear
  2717 | D:4      | Reached XP level 6. HP: 35/57 MP: 6/6
  2724 | D:4      | HP: 1/57 [orc priest/divine providence (13)]
  2725 | D:4      | Killed from afar by an orc priest

Illustrated notes

Levels and vault maps discovered:
D:1:      minmay_arrival_wavy_path, layout_basic, serial_shops,
          nicolae_shop_statue_plus, nicolae_ecumenical_snake_handling
D:2:      layout_basic, serial_shops, shop, nicolae_shop_advertising_works
          [nicolae_subvault_shop_adworks], nicolae_shop_tiny_statue_garden,
          shop, nicolae_shop_rolled_up, minmay_rat_hole,
          uniq_crazy_yiuf_cottage, uniq_jessica
D:3:      layout_loops_ring
D:4:      layout_basic, tso_oasis_becter

Skill      XL: |  1  2  3  4 |
---------------+-------------+-----
Dodging        | 3 |  3.5
Maces & Flails | 4 |  4.9
Stealth        | 1 |  1.3
Fighting       | |  3.8
Armour         | |  0.4

Action                     |  1- 3 |  4- 6 || total
---------------------------+-------+-------++-------
  Melee: Mace              |    61 |   125 ||   186
Ability: Spit Poison       |     5 |     5 ||    10
    Use: Scroll            |       |     6 ||     6
         Potion            |       |     3 ||     3
 Armour: Robe              |    16 |    20 ||    36
         Ring mail         |       |    26 ||    26
  Dodge: Dodged            |    42 |    75 ||   117
